Map: Cyber Forest LE

Players

imbaAkTiVA - Winner!

  • Race: Protoss Protoss
  • Spawn Location: 5:00

Woah

  • Race: Terran Terran
  • League: Platinum
  • Spawn Location: 11:00

VOD

Have the link to the VOD?

Description

Time

  • Played on: June 10, 2019, 9:05 a.m.
  • Length: 13:24
Show
View Real Time Build Order
Export as new Build Order

imbaAkTiVA Protoss - Winner!

Build Orders: Oracle Opening 

Get SALT Encoding   

  12  0:02  Probe  
  13  0:15  Probe  
  13  0:20  Pylon  
  14  0:27  Probe  
  15  0:33  Assimilator  
  15  0:39  Probe  
  16  0:44  Gateway  
  16  0:51  Probe  
  17  1:03  Probe  
  18  1:16  Probe  
  19  1:29  Probe  
  20  1:33  Cybernetics Core  
  20  1:35  Zealot  
  22  1:40  Pylon  
  22  1:41  Probe  
  23  1:49  Warp Gate  
  23  1:58  Probe  
  23  1:59  Adept  
  24  2:01  Nexus  
  26  2:24  Probe  
  26  2:29  Stalker  
  29  2:32  Assimilator  
  29  2:37  Probe  
  29  2:49  Gateway  
  29  2:50  Probe  
  30  2:53  Stargate  
  30  3:02  Probe  
  31  3:14  Probe  
  32  3:21  Probe  
  32  3:26  Stalker, Probe  
  34  3:33  Probe  
  35  3:38  Probe  
  36  3:48  Oracle  
  36  3:52  Probe x2  
  36  4:01  Pylon  
  37  4:03  Assimilator  
  37  4:04  Probe x2  
  37  4:09  Adept x2  
  43  4:16  Probe x2  
  45  4:18  Pylon  
  45  4:22  Shield Battery  
  45  4:30  Forge  
  45  4:33  Shield Battery  
  45  4:35  Assimilator  
  45  4:38  Probe  
  46  4:39  Probe  
  46  4:44  Void Ray  
  51  4:47  Sentry  
  51  4:48  Sentry  
  51  4:50  Probe  
  56  4:58  Probe  
  57  5:02  Probe  
  58  5:15  Probe x2  
  58  5:20  Protoss Ground Weapons Level 1  
  60  5:23  Stalker  
  60  5:26  Pylon  
  62  5:28  Pylon  
  62  5:29  Robotics Facility  
  62  5:34  Pylon  
  62  5:45  Probe  
  63  5:57  Stalker, Zealot, Phoenix  
  69  6:08  Probe x2  
  71  6:20  Probe x2, Pylon  
  71  6:22  Stalker, Pylon  
  71  6:23  Zealot, Phoenix  
  71  6:24  Pylon  
  71  6:25  Observer  
  80  6:29  Robotics Bay  
  80  6:38  Probe x2  
  82  6:46  Immortal  
  86  6:50  Nexus  
  86  6:55  Stalker, Zealot  
  86  6:58  Probe x2  
  92  7:01  Twilight Council  
  92  7:04  Pylon  
  92  7:10  Phoenix  
  94  7:19  Probe  
  94  7:20  Protoss Shields Level 1, Probe  
  71  8:39  Charge  
  71  8:55  Protoss Ground Weapons Level 2  
  69  8:56  Stalker, Zealot, Phoenix, Extended Thermal Lance  
  69  8:58  Probe  
  69  8:59  Probe  
  77  9:03  Colossus, Photon Cannon  
  77  9:04  Assimilator, Shield Battery  
  77  9:07  Assimilator  
  77  9:08  Pylon  
  77  9:10  Probe, Pylon  
  77  9:11  Probe  
  85  9:18  Nexus  
  85  9:21  Stalker, Zealot  
  85  9:22  Phoenix  
  85  9:23  Probe  
  92  9:24  Probe  
  92  9:27  Pylon  
  92  9:28  Assimilator  
  92  9:29  Probe  
  94  9:35  Probe  
  94  9:36  Probe  
  96  9:41  Probe  
  97  9:47  Probe  
  97  9:48  Probe  
  97  9:51  Phoenix  
  101  9:53  Probe  
  101  9:54  Stalker  
  101  9:55  Zealot, Photon Cannon  
  101  9:56  Shield Battery  
  101  9:58  Colossus  
  101  9:59  Probe  
  107  10:00  Probe  
  107  10:04  Dark Shrine  
  107  10:05  Probe  
  109  10:11  Probe  
  109  10:12  Probe  
  109  10:13  Blink  
  117  10:15  Robotics Facility  
  117  10:16  Photon Cannon  
  117  10:18  Probe  
  118  10:23  Photon Cannon  
  118  10:26  Stalker, Zealot  
  122  10:29  Probe x2  
  122  10:31  Probe x2  
  125  10:42  Probe  
  125  10:43  Probe x3  
  125  10:45  Assimilator  
  128  10:51  Stalker, Zealot  
  128  10:52  Colossus, Phoenix, Pylon  
  128  10:56  Probe x2  
  142  10:59  Pylon  
  142  11:00  Pylon  
  142  11:02  Nexus  
  142  11:04  Probe  
  143  11:07  Gateway x2  
  143  11:12  Gateway  
  143  11:17  Dark Templar x2  
  147  11:30  Shadow Stride  
  147  11:34  Immortal  
  147  11:36  Phoenix  
  147  11:39  Probe x2  
  155  11:45  Colossus  
  141  12:10  Observer  
  141  12:20  Stalker x3, Sentry, Zealot  
  141  12:22  Colossus  
  151  12:24  Phoenix  
  155  12:39  Immortal  
  155  12:41  Probe x4  
  155  12:42  Probe  
  164  12:47  Photon Cannon  
  164  12:49  Phoenix, Shield Battery  
  166  12:53  Probe  
  166  12:55  Assimilator  
  165  13:03  Probe x4  
  165  13:04  Stalker x3  
  165  13:05  Zealot, Sentry  
Show
View Real Time Build Order
Export as new Build Order

Woah Terran 

Build Orders:  

Get SALT Encoding   

  12  0:01  SCV  
  13  0:15  SCV  
  13  0:18  Supply Depot  
  14  0:27  SCV  
  15  0:42  Refinery  
  15  0:44  Barracks  
  15  0:47  SCV  
  16  0:59  SCV  
  17  1:11  SCV  
  18  1:23  SCV  
  19  1:40  Command Center  
  19  1:45  Barracks Reactor  
  19  1:50  Orbital Command  
  19  2:19  SCV, Factory  
  19  2:22  Marine x2  
  20  2:24  Supply Depot  
  22  2:46  SCV, Bunker  
  22  2:48  Marine x2  
  24  3:06  SCV, Engineering Bay  
  24  3:10  Factory Tech Lab  
  23  3:22  Starport  
  23  3:24  Marine x2  
  22  3:54  Orbital Command  
  21  4:04  SCV  
  22  4:14  Barracks x2  
  22  4:16  SCV  
  23  4:21  Supply Depot  
  23  4:28  SCV, Supply Depot  
  24  4:31  Raven  
  24  4:33  Factory Reactor  
  24  4:37  Marine  
  27  4:39  Marine  
  27  4:40  SCV  
  29  4:50  Refinery  
  29  4:53  SCV  
  29  4:57  Engineering Bay  
  30  5:02  Terran Infantry Weapons Level 1  
  30  5:05  SCV  
  30  5:27  SCV  
  31  5:34  Missile Turret  
  27  6:02  Marine  
  27  6:03  Marine x2  
  28  6:06  Cyclone  
  24  6:22  SCV  
  26  6:27  SCV  
  27  6:34  SCV, Barracks Tech Lab  
  27  6:39  SCV  
  28  6:46  SCV  
  29  6:51  SCV, Refinery  
  29  6:52  Refinery  
  29  6:53  Missile Turret  
  30  6:58  SCV  
  31  7:03  SCV  
  32  7:10  SCV  
  32  7:13  Barracks  
  33  7:15  SCV  
  33  7:22  SCV  
  35  7:29  Viking  
  34  7:46  Missile Turret  
  28  7:58  Marine  
  28  7:59  Marauder, Marine x2  
  22  8:16  Marine  
  22  8:17  Reaper, Marine  
  22  8:20  Marauder  
  23  8:28  Supply Depot x2  
  23  8:30  Bunker  
  20  8:34  Marine x2  
  20  8:41  Marauder  
  22  8:51  Terran Infantry Armor Level 1  
  22  8:55  SCV x2  
  24  9:07  SCV x2  
  26  9:11  Marauder  
  26  9:12  Marine  
  29  9:19  SCV x2  
  31  9:31  SCV x2  
  32  9:35  Marine x3  
  32  9:36  Marine  
  37  9:41  Stimpack  
  37  9:44  Command Center  
  37  9:46  SCV x2  
  39  9:57  Barracks Tech Lab  
  39  9:58  SCV  
  41  10:00  SCV  
  41  10:10  SCV  
  42  10:14  SCV  
  42  10:16  Marine x3  
  42  10:17  Marine  
  47  10:22  SCV  
  47  10:26  SCV  
  49  10:35  SCV  
  50  10:38  SCV  
  51  10:47  SCV  
  51  10:48  Armory, Marine  
  51  10:49  Marauder, Marine  
  58  10:50  SCV, Widow Mine  
  58  10:52  Medivac  
  58  10:53  Marine  
  62  10:59  SCV  
  62  11:03  SCV  
  64  11:11  SCV  
  65  11:19  SCV  
  65  11:22  Combat Shield  
  65  11:23  SCV  
  67  11:31  SCV  
  68  11:35  SCV  
  69  11:43  SCV, Barracks  
  64  11:49  Barracks  
  38  12:04  Marauder x2, Marine x3  
  38  12:07  Supply Depot  
  34  12:19  Orbital Command  
  34  12:21  Marine  
  34  12:22  Marauder, Marine  
  38  12:25  Marine  
  38  12:26  Marauder  
  38  12:31  Viking  
  38  12:34  Viking  
  39  12:39  Marine x2  
  39  12:43  Marine x2  
  37  12:46  Bunker  
Tags
 
League
Platinum
Matchup
PvT
Replay Pack
r1
Spawn Locations
Cross Positions
Add a new tag
Caveats
  • Supply blocks, unpowered buildings, or Contaminate may cause inaccurate times.
  • Supply counts are checked every 10 seconds.